AoeStats
← NPG | FishCL

African Clearing

504930208Analyzed
4v4 RM · 25d ago on Sep 7, 2026· 29m 36s· 8 players
Game mode
Random Map
Map size
Large (8 player)
Population
200
Speed
Normal
Resources
Standard
Victory
Conquest
Starting age
Dark Age
Ending age
Imperial Age
RankedLock teamsTeams togetherTeam positionsShared explorationLock speedFull tech treeHidden civsTurbo modeCheats
Victory
Defeat
🇨🇳 Mapuche · China
1677
+9
🇨🇳 Persians · China
1626
+11
🇨🇳 Cumans · China
1591
+13
🇲🇽 Vikings · Mexico
1583
+13
🇨🇱 Koreans · Chile
1640
-16
1534
-12
🇨🇱 Teutons · Chile
1516
-11
🇨🇱 Malay · Chile
1391
-7
冬瀑
7:52 Loom
13:31 Feudal Age
14:52 Town Watch
14:55 Double-Bit Axe
17:33 Castle Age
16:09 Horse Collar
16:22 Fletching
18:10 Bodkin Arrow
18:26 Gold Mining
23:36 Padded Archer Armor
26:50 Wheelbarrow
30:15 Heavy Plow
摸鱼种田
13:01 Feudal Age
12:23 Loom
18:05 Castle Age
17:34 Scale Barding Armor
21:33 Wheelbarrow
29:07 Fletching
教授
13:33 Feudal Age
13:06 Loom
17:46 Castle Age
18:36 Scale Barding Armor
27:11 Double-Bit Axe
29:07 Forging
VNaif
6:29 Loom
15:26 Feudal Age
19:45 Castle Age
23:41 Scale Mail Armor
29:00 Double-Bit Axe
29:44 Chain Mail Armor
BrøweN
5:37 Loom
9:42 Loom
9:46 Loom
12:13 Feudal Age
21:37 Castle Age
28:07 Double-Bit Axe
NPG | ChupaloAlexitico
11:33 Feudal Age
12:13 Loom
16:09 Castle Age
14:56 Stone Mining
17:52 Double-Bit Axe
20:31 Fletching
20:57 Forging
23:24 Scale Mail Armor
23:32 Fletching
NPG | FishCL
9:53 Loom
12:09 Feudal Age
15:34 Fletching
19:07 Double-Bit Axe
20:55 Horse Collar
24:37 Castle Age
23:40 Scale Mail Armor
24:41 Stone Mining
25:46 Bow Saw
26:39 Pikeman
NPG EL POLLA RECORDS
10:28 Loom
12:14 Feudal Age
12:45 Man-at-Arms
17:03 Fletching
18:27 Double-Bit Axe
24:26 Castle Age
22:47 Horse Collar
24:15 Bow Saw
Connection lost

Rejoining the realm…

Still unreachable

The connection could not be restored.

Session expired

The server has moved on; the page needs a fresh start.